[ PARTIDA AOE2 · #473740102 ]
UnrankedIncas vs Britons
Equipo del jugador · VICT
Equipo rival · DERR
[ ANÁLISIS DE REPETICIÓN · EXTRAÍDO DE LA PARTIDA GRABADA ]
Feudal
9:26
Castillos
18:18
Imperial
38:25
| APM promedio | 43.4 |
| APM pico | 96 |
| eAPM promedio | 24.7 |
| Aldeanos / militares | 123 / 22 |
Foco
⚔️ 34.4% · 🌾 65.6%
Unknown (2550) ×98 · Battering Ram ×11 · Mangonel ×6 · Monk ×2 · Trebuchet (Packed) ×2 · Scorpion ×1
Feudal
10:48
Castillos
15:39
Imperial
33:15
| APM promedio | 49.7 |
| APM pico | 80 |
| eAPM promedio | 21.8 |
| Aldeanos / militares | 111 / 36 |
Foco
⚔️ 29.1% · 🌾 70.9%
Longbowman ×18 · Mangonel ×10 · Monk ×8
Mapa de la partida
Recursos iniciales + cada clic de construcción. Líneas = muros · curvas = relieve. ◆ oro · ⬟ piedra · ● bayas · ✦ reliquia · ◌ hueco del cierre
Tu base· ✓ Cerrada en 18:18 · 8t muro · 1 puerta(s)
Base de scottakira· ✓ Cerrada en 15:39 · 11t muro · 1 puerta(s)
Terreno inicial suavizado · ◌ = hueco del cierre detectado · pasá el cursor para detalles
Inputs por minuto
— [Pepe Saint] Lugut - - scottakira
Build order — [Pepe Saint] Lugut
Primeras 150 de 330 acciones detectadas
| 0:00 | Crear | Villager (Male) |
| 0:01 | Crear | Villager (Male) |
| 0:01 | Crear | Villager (Male) |
| 0:02 | Construir | House |
| 0:04 | Construir | House |
| 0:24 | Crear | Villager (Male) |
| 1:37 | Crear | Villager (Male) |
| 2:04 | Construir | Settlement |
| 2:04 | Crear | Villager (Male) |
| 2:10 | Construir | Settlement |
| 2:11 | Crear | Villager (Male) |
| 2:12 | Crear | Villager (Male) |
| 2:45 | Crear | Villager (Male) |
| 3:09 | Crear | Villager (Male) |
| 3:35 | Crear | Villager (Male) |
| 3:56 | Crear | Villager (Male) |
| 4:36 | Crear | Villager (Male) |
| 4:54 | Crear | Villager (Male) |
| 4:55 | Crear | Villager (Male) |
| 5:22 | Construir | Barracks |
| 5:22 | Crear | Villager (Male) |
| 5:42 | Crear | Villager (Male) |
| 6:19 | Crear | Villager (Male) |
| 6:30 | Construir | Palisade Wall |
| 6:35 | Construir | Palisade Gate |
| 6:42 | Crear | Villager (Male) |
| 7:16 | Investigar | Feudal Age |
| 7:22 | Crear | Unit 2550 |
| 7:45 | Construir | Settlement |
| 7:53 | Crear | Villager (Male) |
| 7:58 | Crear | Unit 2550 |
| 8:10 | Construir | Palisade Wall |
| 8:37 | Crear | Villager (Male) |
| 8:50 | Crear | Unit 2550 |
| 8:51 | Crear | Villager (Male) |
| 9:26 | Edad | Edad Feudal |
| 9:29 | Investigar | Tech 1402 |
| 9:49 | Crear | Unit 2550 |
| 10:18 | Crear | Villager (Male) |
| 10:48 | Crear | Villager (Male) |
| 11:03 | Investigar | Double-Bit Axe |
| 11:07 | Investigar | Horse Collar |
| 11:10 | Construir | House |
| 11:17 | Crear | Villager (Male) |
| 11:24 | Construir | Farm |
| 11:28 | Construir | Farm |
| 11:52 | Construir | Market |
| 11:57 | Crear | Villager (Male) |
| 12:01 | Construir | Farm |
| 12:07 | Construir | Farm |
| 12:10 | Crear | Villager (Male) |
| 12:15 | Crear | Unit 2550 |
| 12:40 | Crear | Villager (Male) |
| 12:45 | Construir | Farm |
| 12:51 | Construir | Farm |
| 13:05 | Crear | Villager (Male) |
| 13:30 | Crear | Villager (Male) |
| 13:39 | Construir | Farm |
| 13:42 | Construir | Farm |
| 13:52 | Crear | Villager (Male) |
| 14:07 | Construir | Blacksmith |
| 14:20 | Construir | Farm |
| 14:24 | Crear | Villager (Male) |
| 14:32 | Investigar | Loom |
| 15:09 | Construir | Farm |
| 15:12 | Construir | Farm |
| 15:38 | Investigar | Castle Age |
| 15:39 | Investigar | Castle Age |
| 15:55 | Crear | Unit 2550 |
| 16:50 | Crear | Unit 2550 |
| 16:53 | Crear | Villager (Male) |
| 16:55 | Investigar | Scale Mail Armor |
| 17:10 | Construir | Farm |
| 17:14 | Construir | Farm |
| 17:44 | Crear | Unit 2550 |
| 18:02 | Construir | Settlement |
| 18:09 | Crear | Villager (Male) |
| 18:18 | Edad | Edad de los Castillos |
| 18:22 | Investigar | Tech 1351 |
| 18:31 | Construir | Siege Workshop |
| 18:33 | Crear | Villager (Male) |
| 18:52 | Crear | Villager (Male) |
| 19:02 | Crear | Unit 2550 |
| 19:03 | Crear | Villager (Male) |
| 19:30 | Crear | Mangonel |
| 19:39 | Crear | Villager (Male) |
| 19:45 | Crear | Villager (Male) |
| 19:57 | Crear | Villager (Male) |
| 20:20 | Construir | Town Center |
| 20:24 | Crear | Villager (Male) |
| 20:28 | Crear | Mangonel |
| 20:30 | Crear | Villager (Male) |
| 20:50 | Crear | Unit 2550 |
| 20:50 | Crear | Unit 2550 |
| 20:55 | Investigar | Squires |
| 21:03 | Investigar | Bow Saw |
| 21:46 | Crear | Villager (Male) |
| 21:48 | Crear | Unit 2550 |
| 22:07 | Crear | Villager (Male) |
| 22:14 | Crear | Villager (Male) |
| 22:15 | Crear | Villager (Male) |
| 22:22 | Crear | Mangonel |
| 22:25 | Crear | Villager (Male) |
| 22:40 | Crear | Villager (Male) |
| 22:44 | Construir | Monastery |
| 22:54 | Crear | Unit 2550 |
| 23:05 | Crear | Villager (Male) |
| 23:33 | Construir | Outpost |
| 23:34 | Crear | Villager (Male) |
| 23:41 | Crear | Villager (Male) |
| 23:42 | Crear | Villager (Male) |
| 23:46 | Investigar | Wheelbarrow |
| 23:47 | Investigar | Town Watch |
| 23:57 | Crear | Villager (Male) |
| 23:57 | Crear | Villager (Male) |
| 24:10 | Crear | Monk |
| 24:10 | Crear | Mangonel |
| 24:53 | Crear | Villager (Male) |
| 24:53 | Crear | Villager (Male) |
| 24:53 | Crear | Villager (Male) |
| 24:56 | Construir | House |
| 25:21 | Crear | Villager (Male) |
| 25:21 | Crear | Villager (Male) |
| 25:26 | Crear | Villager (Male) |
| 25:27 | Crear | Villager (Male) |
| 25:29 | Crear | Villager (Male) |
| 25:39 | Crear | Villager (Male) |
| 25:39 | Crear | Villager (Male) |
| 25:41 | Construir | House |
| 25:42 | Crear | Mangonel |
| 25:50 | Crear | Villager (Male) |
| 25:51 | Crear | Villager (Male) |
| 26:41 | Crear | Villager (Male) |
| 26:41 | Crear | Villager (Male) |
| 26:42 | Crear | Villager (Male) |
| 26:53 | Crear | Villager (Male) |
| 26:53 | Crear | Villager (Male) |
| 27:02 | Crear | Villager (Male) |
| 27:02 | Crear | Villager (Male) |
| 27:08 | Crear | Villager (Male) |
| 27:09 | Crear | Villager (Male) |
| 27:19 | Construir | Town Center |
| 27:21 | Crear | Villager (Male) |
| 27:21 | Crear | Villager (Male) |
| 27:28 | Crear | Scorpion |
| 27:39 | Crear | Monk |
| 27:54 | Construir | Town Center |
| 28:04 | Construir | Settlement |
| 28:06 | Construir | Farm |
| 28:06 | Construir | Farm |
Build order — scottakira
Primeras 150 de 254 acciones detectadas
| 0:00 | Crear | Villager (Male) |
| 0:01 | Crear | Villager (Male) |
| 0:01 | Crear | Villager (Male) |
| 0:02 | Construir | House |
| 0:03 | Construir | House |
| 0:24 | Crear | Villager (Male) |
| 1:18 | Crear | Villager (Male) |
| 1:49 | Crear | Villager (Male) |
| 1:51 | Construir | Lumber Camp |
| 2:00 | Crear | Villager (Male) |
| 2:29 | Crear | Villager (Male) |
| 2:29 | Crear | Villager (Male) |
| 2:50 | Crear | Villager (Male) |
| 3:01 | Crear | Villager (Male) |
| 3:42 | Crear | Villager (Male) |
| 3:42 | Crear | Villager (Male) |
| 4:00 | Crear | Villager (Male) |
| 4:00 | Crear | Villager (Male) |
| 4:11 | Construir | House |
| 4:12 | Construir | House |
| 4:58 | Construir | Palisade Gate |
| 5:21 | Construir | Mill |
| 5:28 | Crear | Villager (Male) |
| 5:40 | Construir | Palisade Wall |
| 5:41 | Construir | Palisade Wall |
| 5:42 | Construir | Palisade Wall |
| 5:43 | Construir | Palisade Wall |
| 5:43 | Construir | Palisade Wall |
| 5:47 | Crear | Villager (Male) |
| 5:55 | Construir | Palisade Wall |
| 6:06 | Construir | Palisade Wall |
| 6:09 | Construir | Palisade Wall |
| 6:10 | Construir | Palisade Wall |
| 6:11 | Construir | Palisade Wall |
| 6:16 | Crear | Villager (Male) |
| 6:35 | Crear | Villager (Male) |
| 6:56 | Crear | Villager (Male) |
| 7:05 | Construir | House |
| 7:21 | Construir | Palisade Wall |
| 7:27 | Crear | Villager (Male) |
| 7:47 | Construir | House |
| 8:03 | Crear | Villager (Male) |
| 8:29 | Construir | Mining Camp |
| 8:38 | Investigar | Feudal Age |
| 9:24 | Crear | Villager (Male) |
| 9:24 | Crear | Villager (Male) |
| 9:40 | Construir | Palisade Wall |
| 10:48 | Edad | Edad Feudal |
| 10:58 | Construir | Blacksmith |
| 10:59 | Crear | Villager (Male) |
| 11:00 | Construir | Market |
| 11:40 | Crear | Villager (Male) |
| 12:33 | Investigar | Loom |
| 12:59 | Investigar | Castle Age |
| 13:14 | Investigar | Double-Bit Axe |
| 13:31 | Crear | Villager (Male) |
| 14:30 | Investigar | Horse Collar |
| 14:54 | Investigar | Gold Mining |
| 15:39 | Edad | Edad de los Castillos |
| 15:42 | Construir | Monastery |
| 16:01 | Crear | Villager (Male) |
| 16:06 | Construir | Town Center |
| 16:16 | Investigar | Bow Saw |
| 16:17 | Crear | Monk |
| 16:24 | Investigar | Horse Collar |
| 16:30 | Crear | Monk |
| 16:39 | Crear | Villager (Male) |
| 16:39 | Crear | Villager (Male) |
| 16:59 | Crear | Villager (Male) |
| 17:26 | Crear | Villager (Male) |
| 17:28 | Construir | Farm |
| 17:28 | Construir | Farm |
| 17:29 | Construir | Farm |
| 17:29 | Construir | Farm |
| 17:29 | Construir | Farm |
| 17:29 | Construir | Farm |
| 17:30 | Construir | Farm |
| 17:33 | Investigar | Sanctity |
| 17:56 | Construir | Farm |
| 18:14 | Investigar | Fervor |
| 18:28 | Construir | Farm |
| 18:47 | Crear | Villager (Male) |
| 19:04 | Crear | Monk |
| 19:10 | Construir | Farm |
| 19:13 | Construir | Farm |
| 19:13 | Crear | Villager (Male) |
| 19:43 | Construir | Monastery |
| 19:45 | Crear | Villager (Male) |
| 19:55 | Construir | Farm |
| 19:56 | Construir | Farm |
| 19:59 | Crear | Villager (Male) |
| 20:08 | Crear | Villager (Male) |
| 20:19 | Construir | Town Center |
| 20:26 | Crear | Monk |
| 20:26 | Crear | Monk |
| 20:27 | Construir | House |
| 20:28 | Construir | House |
| 20:54 | Construir | Farm |
| 20:55 | Construir | Farm |
| 20:57 | Crear | Villager (Male) |
| 20:57 | Crear | Villager (Male) |
| 20:58 | Crear | Villager (Male) |
| 21:14 | Crear | Monk |
| 21:14 | Crear | Monk |
| 21:50 | Crear | Villager (Male) |
| 21:51 | Crear | Villager (Male) |
| 21:51 | Crear | Villager (Male) |
| 22:12 | Crear | Villager (Male) |
| 22:19 | Crear | Villager (Male) |
| 22:19 | Crear | Villager (Male) |
| 22:24 | Crear | Villager (Male) |
| 22:27 | Construir | Farm |
| 22:40 | Crear | Villager (Male) |
| 22:44 | Construir | Siege Workshop |
| 22:55 | Crear | Villager (Male) |
| 22:56 | Construir | Siege Workshop |
| 23:02 | Crear | Monk |
| 23:28 | Crear | Mangonel |
| 23:30 | Crear | Villager (Male) |
| 23:34 | Crear | Villager (Male) |
| 23:40 | Crear | Villager (Male) |
| 23:40 | Crear | Villager (Male) |
| 24:08 | Crear | Villager (Male) |
| 24:23 | Crear | Villager (Male) |
| 24:38 | Crear | Villager (Male) |
| 24:47 | Crear | Villager (Male) |
| 24:55 | Crear | Villager (Male) |
| 24:56 | Crear | Villager (Male) |
| 24:56 | Crear | Villager (Male) |
| 24:56 | Crear | Villager (Male) |
| 25:20 | Crear | Villager (Male) |
| 25:22 | Construir | Castle |
| 25:28 | Construir | Gate |
| 25:29 | Construir | Stone Wall |
| 25:33 | Construir | Farm |
| 25:34 | Construir | Farm |
| 25:36 | Construir | Farm |
| 25:37 | Construir | Farm |
| 25:43 | Investigar | Fletching |
| 26:08 | Crear | Mangonel |
| 26:10 | Crear | Villager (Male) |
| 26:10 | Crear | Villager (Male) |
| 26:55 | Crear | Longbowman |
| 27:17 | Construir | Farm |
| 27:18 | Construir | Farm |
| 27:22 | Crear | Villager (Male) |
| 27:41 | Crear | Longbowman |
| 27:46 | Crear | Longbowman |
| 27:46 | Crear | Longbowman |
| 27:46 | Crear | Longbowman |
Cronología de la partida
| 5:22 | [Pepe Saint] Lugut · first_building Barracks |
| 5:40 | scottakira · wall_segment Palisade Wall x1 |
| 5:41 | scottakira · wall_segment Palisade Wall x1 |
| 5:42 | scottakira · wall_segment Palisade Wall x1 |
| 5:43 | scottakira · wall_segment Palisade Wall x1 |
| 5:43 | scottakira · wall_segment Palisade Wall x1 |
| 5:55 | scottakira · wall_segment Palisade Wall x1 |
| 6:06 | scottakira · wall_segment Palisade Wall x1 |
| 6:09 | scottakira · wall_segment Palisade Wall x1 |
| 6:10 | scottakira · wall_segment Palisade Wall x1 |
| 6:11 | scottakira · wall_segment Palisade Wall x1 |
| 6:30 | [Pepe Saint] Lugut · wall_segment Palisade Wall x2 |
| 7:21 | scottakira · wall_segment Palisade Wall x1 |
| 8:10 | [Pepe Saint] Lugut · wall_segment Palisade Wall x6 |
| 9:26 | [Pepe Saint] Lugut · age_up feudal |
| 9:40 | scottakira · wall_segment Palisade Wall x1 |
| 10:48 | scottakira · age_up feudal |
| 11:57 | scottakira · first_market_sell 100 wood |
| 12:09 | scottakira · first_market_buy 100 food |
| 13:27 | [Pepe Saint] Lugut · first_market_sell 100 stone |
| 13:29 | [Pepe Saint] Lugut · first_market_buy 100 food |
| 15:39 | scottakira · age_up castle |
| 15:42 | scottakira · first_building Monastery |
| 18:18 | [Pepe Saint] Lugut · age_up castle |
| 18:31 | [Pepe Saint] Lugut · first_building Siege Workshop |
| 22:44 | scottakira · first_building Siege Workshop |
| 22:44 | [Pepe Saint] Lugut · first_building Monastery |
| 25:22 | scottakira · first_building Castle |
| 25:29 | scottakira · wall_segment Stone Wall x1 |
| 33:15 | scottakira · age_up imperial |
| 36:27 | [Pepe Saint] Lugut · first_building Castle |
| 38:25 | [Pepe Saint] Lugut · age_up imperial |
| 39:03 | scottakira · wall_segment Stone Wall x5 |
| 41:47 | scottakira · resign |
[ ANÁLISIS IA · 1 CRÉDITO ]
¿Qué pasó realmente en esta partida?
Wolo.gg analiza cada decisión: build order, eco, micro, errores típicos por bracket. Análisis personalizado por WhatsApp o Discord en 30 segundos.
Guía civ
Incas
Perfil
Jugador #342673